 Dungeon Crawl Stone Soup version bcrawl-1.21.2-28-g2cb1824106 (webtiles) character file.

Game seed: 13284806346399392509

23 Mzt the Slasher (level 2, -5/28 HPs)
             Began as a Deep Dwarf Berserker on Mar 19, 2020.
             Was a Follower of Trog.
             Slain by a scorpion (7 damage)
             ... on level 2 of the Dungeon.
             The game lasted 00:04:58 (928 turns).

Mzt the Slasher (Deep Dwarf Berserker)               Turns: 928, Time: 00:04:59

Health: -5/28      AC:  4    Str: 20    XL:     2   Next: 75%
Magic:  2/2        EV: 12    Int:  7    God:    Trog [*.....]
Gold:   34         SH:  1    Dex: 12    Spells: 1/1 levels left

rFire    . . .     SeeInvis +   a - +0 falchion
rCold    . . .     Gourm    .   (no shield)
rNeg     . . .     Faith    .   b - +0 animal skin
rPois    .         Spirit   .   (no helmet)
rElec    .         Reflect  .   (no cloak)
rCorr    .         Harm     .   (no gloves)
MR       +....                  (no boots)
Stlth    ..........             (no amulet)
HPRegen  0.00/turn              k - ring of see invisible
MPRegen  0.08/turn              n - ring of attention (curse)

@: lethally poisoned (-5 -> -5), non-regenerating
A: damage resistance, molten scales 1, magic resistance 1, sense surroundings 1,
screaming 1, subdued magic 1, no regeneration
a: Berserk, Renounce Religion


You were on level 2 of the Dungeon.
You worshipped Trog.
Trog was aware of your devotion.
You were not hungry.

You visited 1 branch of the dungeon, and saw 2 of its levels.

You collected 34 gold pieces.

Inventory:

Hand Weapons
 a - a +0 falchion (weapon)
 c - a +0 spear
 i - a +0 whip
 j - a +0 club
Armour
 b - a +0 animal skin (worn)
 f - a +2 cloak
 h - a +0 robe
 l - a +0 robe
Jewellery
 k - a ring of see invisible (left hand)
 n - a cursed ring of attention (right hand)
Scrolls
 d - 2 scrolls of identify
 m - 3 scrolls of enchant armour {unknown}
Potions
 g - a potion of mutation
Comestibles
 e - 4 rations {!d}


   Skills:
 + Level 3.2 Fighting
 + Level 3.8 Long Blades
 + Level 2.1 Armour
 + Level 2.2 Dodging


You had one spell level left.
You didn't know any spells.
Your spell library was empty.

Dungeon Overview and Level Annotations

Branches:
Dungeon (2/12)

Altars:


Innate Abilities, Weirdness & Mutations

You are resistant to damage.
You passively map a small area around you.
You do not regenerate.
You are partially covered in molten scales. (AC +2)
You are resistant to hostile enchantments. (MR+)
You occasionally shout uncontrollably at your foes.
Your spells are a little easier to cast, but a little less powerful.


Message History

The frilled lizard barely misses you. The hobgoblin misses you.
The scorpion misses you. The scorpion completely misses you.
The frilled lizard closely misses you.
You see here a dart slug corpse.
You hit the hobgoblin but do no damage. The hobgoblin hits you.
* * * LOW HITPOINT WARNING * * *
You closely miss the hobgoblin. The hobgoblin hits you.
* * * LOW HITPOINT WARNING * * *
You slash the hobgoblin!
You kill the hobgoblin!
Trog accepts your kill.
You hit the scorpion but do no damage. The scorpion closely misses you.
It was a potion of mutation.
You feel extremely strange.
You feel the urge to shout.
Your connection to magic feels subdued.
You feel resistant to hostile enchantments.
Molten scales grow over part of your body.
The scorpion stings you!
You die...

######## #....... ###### #.......
.....# #....... .....# #.......
.....# ###########.......
.....###########@sglg.†..g.......
.................#########.......
####.############# ####...# *###
#..## ** #..# , ##..## , , * ** *
#..... , , * #..... , , , , , ,
#..†..


You could see a scorpion, 2 hobgoblins and a frilled lizard.

Vanquished Creatures
  A worm (D:1)
  2 dart slugs
  3 hobgoblins
  2 jackals (D:1)
  A kobold (D:1)
  2 ball pythons
  4 frilled lizards
  2 rats
17 creatures vanquished.

Notes
Turn   | Place    | Note
-------+----------+-------------------------------------------
     0 | D:1      | Mzt the Deep Dwarf Berserker began the quest for the Orb.
     0 | D:1      | Reached XP level 1. HP: 21/21 MP: 1/1
   235 | D:1      | Reached XP level 2. HP: 28/28 MP: 2/2
   872 | D:2      | Noticed a scorpion
   928 | D:2      | Gained mutation: You occasionally shout uncontrollably at
                  | your foes. [potion of mutation]
   928 | D:2      | Gained mutation: Your spells are a little easier to cast,
                  | but a little less powerful. [potion of mutation]
   928 | D:2      | Gained mutation: You are resistant to hostile enchantments.
                  | (MR+) [potion of mutation]
   928 | D:2      | Gained mutation: You are partially covered in molten
                  | scales. (AC +2) [potion of mutation]
   928 | D:2      | Slain by a scorpion

Action                   || total
-------------------------++-------
Melee: Falchion          ||    57
  Use: Scroll            ||     1
       Potion            ||     1
Armor: Animal skin       ||    10
Dodge: Dodged            ||    45
